 Dungeon Crawl Stone Soup version 0.26.0-20-g3ca415f5b8 (webtiles) character file.

Game seed: 7095371529605896084

2122 hatsuma the Magician (level 9, -8/49 HPs)
             Began as a Deep Elf Hedge Wizard on Jan 24, 2021.
             Was a Believer of Sif Muna.
             Mangled by a killer bee (9 damage)
             ... on level 7 of the Dungeon on Jan 26, 2021.
             The game lasted 01:30:27 (8970 turns).

hatsuma the Magician (Deep Elf Hedge Wizard)        Turns: 8970, Time: 01:30:27

Health: -8/49      AC:  5    Str:  7    XL:     9   Next: 8%
Magic:  0/31       EV: 13    Int: 23    God:    Sif Muna [**....]
Gold:   532        SH:  0    Dex: 20    Spells: 10/23 levels left

rFire    . . .     SeeInvis .   c - +6 war axe of the Inferno {vorpal, rElec rPois Will- Stlth+}
rCold    . . .     Faith    .   (no shield)
rNeg     . . .     Spirit   +   B - +0 troll leather armour {Purgy}
rPois    +         Reflect  .   x - +0 helmet
rElec    +         Harm     .   (no cloak)
rCorr    .         Rampage  .   (no gloves)
Will     .....                  (no boots)
Stlth    ++++......             l - amulet of guardian spirit
HPRegen  0.56/turn              b - ring of magical power
MPRegen  0.22/turn              m - +6 ring of dexterity

@: lethally poisoned (-8 -> -10)
A: no striking features
a: Renounce Religion, Channel Magic


You were on level 7 of the Dungeon.
You worshipped Sif Muna.
Sif Muna was pleased with you.
You visited 2 branches of the dungeon, and saw 8 of its levels.
You also visited: Sewer.

You collected 532 gold pieces.

Inventory:

Hand Weapons
 c - the +6 war axe of the Inferno (weapon) {vorpal, rElec rPois Will- Stlth+}
   (You found it on level 4 of the Dungeon)

   It inflicts extra damage upon your enemies.
   It insulates you from electricity.
   It protects you from poison.
   It affects your willpower, your defense against some magical effects.
   It makes you more stealthy.
 d - a +0 shortbow
Missiles
 j - 86 arrows
Armour
 x - a +0 helmet (worn)
 B - a +0 troll leather armour (worn) {Purgy}
Magical Staves
 E - an uncursed staff of cold
Jewellery
 b - a ring of magical power (left hand)
 l - an amulet of guardian spirit (around neck)
 m - a +6 ring of dexterity (right hand)
 t - an uncursed ring of fire
Wands
 v - a wand of digging (4)
Scrolls
 a - a scroll of magic mapping {unknown}
 e - 3 scrolls of teleportation
 g - a scroll of enchant weapon
 h - 3 scrolls of fog
 k - 3 scrolls of blinking
 n - 4 scrolls of immolation
 s - 2 scrolls of fear
 u - 2 scrolls of remove curse
 F - a scroll of noise {unknown}
Potions
 f - a potion of mutation {unknown}
 i - 2 potions of heal wounds {unknown}
 o - 2 potions of ambrosia {unknown}
 p - 3 potions of attraction {unknown}
 q - 4 potions of flight
 r - 3 potions of brilliance
 w - 2 potions of lignification {unknown}
 z - a potion of curing {unknown}
 A - a potion of resistance {unknown}
 C - a potion of berserk rage {unknown}
 H - a potion of might {unknown}


   Skills:
 - Level 2.4 Fighting
 - Level 3.6 Dodging
 - Level 6.6 Stealth
 + Level 7.6 Spellcasting
 - Level 6.0 Conjurations
 - Level 4.1 Hexes
 - Level 4.0 Summonings
 - Level 1.1 Translocations
 - Level 3.3 Fire Magic
 - Level 2.0 Air Magic
 - Level 2.1 Poison Magic
 - Level 2.1 Invocations


You had 10 spell levels left.
You knew the following spells:

 Your Spells              Type           Power        Failure   Level
a - Magic Dart            Conj           100%         1%          1
b - Call Imp              Summ           27%          3%          2
c - Blink                 Tloc           N/A          11%         2
d - Slow                  Hex            27%          3%          2
e - Mephitic Cloud        Conj/Pois/Air  24%          9%          3
f - Conjure Flame         Conj/Fire      30%          4%          3

Your spell library contained the following spells:

 Spells                   Type           Power        Failure   Level


Dungeon Overview and Level Annotations

Branches:
Dungeon (7/15)             Temple (1/1) D:4           Sewer (visited)

Altars:
Cheibriados
Dithmenos
Elyvilon
Fedhas
Gozag
Hepliaklqana
Kikubaaqudgha
Nemelex Xobeh
Okawaru
Qazlal
Sif Muna
Trog
Uskayaw
Vehumet
Wu Jian
Yredelemnul
Zin
The Shining One

Shops:
D:6 *

Annotations:
D:2 Natasha, Sigmund


Message History

You slash the phantom! You closely miss the killer bee.
You feel sick. The killer bee barely misses you. The killer bee stings you!
* * * LOW HITPOINT WARNING * * *
The killer bee completely misses you. The phantom barely misses you.
The killer bee barely misses you. The killer bee stings you.
* * * LOW HITPOINT WARNING * * *
The phantom blinks!
Unknown command.
You closely miss the killer bee.
The killer bee is moderately wounded.
You miss something. You hit the killer bee.
You feel sick. The killer bee closely misses you. The killer bee stings you!
* * * LOW HITPOINT WARNING * * *
The killer bee barely misses you.
You hear some strange, mumbled words.
A magic dart appears from out of thin air!
The magic dart hits you!
* * * LOW HITPOINT WARNING * * *
The killer bee stings you!
You die...

###......# ...
##.##.....##.##
#..##.#..##...#
###...W.#.......#
####.#...#..##.#.#...
###..#.##.....##W###
#............##...##...
.#....{§yZ.....#........
.......@yS.....##..>....
##....#####.......5.....
##.. #............. #.
#.........8... #
.......".....
...##...§....
..#...[.... .....#.So...
..#. #.<....


You could see a phantom, 2 killer bees, an adder and a centaur zombie.

Vanquished Creatures
  An ugly thing (D:6)
  An ice beast (D:5)
  Purgy (Sewer)
  2 ogres
  A black bear (D:7)
  A centaur (D:5)
  A bullfrog (D:6)
  A big kobold (D:7)
  A killer bee (D:6)
  An orc wizard (D:7)
  A hound (D:6)
  A centaur skeleton (D:6)
  2 iguanas
  A worker ant (D:4)
  A hound skeleton (D:4)
  A worker ant zombie (D:5)
  A gnoll (D:4)
  10 adders
  2 ufetubi
  An ooze (D:6)
  An adder skeleton (D:4)
  A dart slug (D:2)
  9 leopard geckos
  10 orcs
  A ball python (D:4)
  6 bats
  3 giant cockroaches
  4 goblins
  9 hobgoblins
  4 jackals
  2 quokkas
  6 frilled lizards
  6 kobolds
  A leopard gecko zombie (D:5)
  11 rats
106 creatures vanquished.

Vanquished Creatures (collateral kills)
  Grinder (D:5)
  A wyvern (D:6)
  An ice beast (D:4)
  2 ogres
  A centaur (D:5)
  Blork the orc (D:6)
  2 scorpions
  2 killer bees (D:7)
  2 orc priests
  A jelly (D:6)
  4 orc wizards
  2 hounds
  Jessica (D:2)
  2 howler monkey zombies
  6 gnolls
  5 adders
  A river rat (D:5)
  3 shadow imps
  A white imp (D:6)
  An ooze (D:1)
  2 worms (D:2)
  A dart slug (D:1)
  10 orcs
  5 bats
  4 giant cockroaches
  A goblin (D:1)
  3 hobgoblins
  3 jackals
  A quokka (D:7)
  A kobold (D:2)
71 creatures vanquished.

Vanquished Creatures (others)
  2 fungi (D:5)
  18 plants (D:2)
  6 toadstools (D:5)
26 creatures vanquished.

Grand Total: 203 creatures vanquished

Notes
Turn   | Place    | Note
-------+----------+-------------------------------------------
     0 | D:1      | hatsuma the Deep Elf Hedge Wizard began the quest for the
                  | Orb.
     0 | D:1      | Reached XP level 1. HP: 10/10 MP: 7/7
   370 | D:1      | Reached XP level 2. HP: 15/15 MP: 7/9
   373 | D:1      | Learned a level 2 spell: Call Imp
   376 | D:1      | Learned a level 2 spell: Blink
   379 | D:1      | Learned a level 2 spell: Slow
   944 | D:1      | Reached skill level 1 in Hexes
  1320 | D:1      | Reached XP level 3. HP: 8/19 MP: 10/10
  1324 | D:1      | Learned a level 3 spell: Mephitic Cloud
  1724 | D:2      | Noticed Sigmund
  1783 | D:2      | Found a bloodstained altar of Trog.
  1798 | D:2      | Reached skill level 1 in Poison Magic
  2377 | D:2      | Noticed Jessica
  2385 | D:2      | Killed Jessica
  2386 | D:2      | Reached skill level 1 in Air Magic
  2386 | D:2      | Reached XP level 4. HP: 19/24 MP: 9/12
  2953 | D:2      | Noticed Natasha
  3395 | D:3      | Reached XP level 5. HP: 28/28 MP: 13/13
  4006 | D:4      | Got a crude war axe
  4007 | D:4      | Identified the +6 war axe of the Inferno {vorpal, rElec
                  | rPois Will- Stlth+} (You found it on level 4 of the
                  | Dungeon)
  4380 | D:4      | Reached skill level 5 in Spellcasting
  4396 | D:4      | Learned a level 3 spell: Conjure Flame
  4481 | D:4      | Found a staircase to the Ecumenical Temple.
  4491 | Temple   | Entered the Ecumenical Temple
  4562 | Temple   | Became a worshipper of Sif Muna the Loreminder
  4679 | D:4      | Reached skill level 1 in Fire Magic
  4679 | D:4      | Reached XP level 6. HP: 32/32 MP: 15/15
  4682 | D:4      | Got a jewelled hunting sling
  4692 | D:4      | Noticed an ice beast
  4725 | D:4      | Killed an ice beast
  5115 | D:4      | Identified the +9 hunting sling of Wu Jian {vorpal, Fragile
                  | rC+ Str+4} (You found it on level 4 of the Dungeon)
  5320 | D:4      | Reached skill level 5 in Conjurations
  5320 | D:4      | Reached XP level 7. HP: 36/36 MP: 8/16
  5887 | D:5      | Entered Level 5 of the Dungeon
  5947 | D:5      | Found an opulent altar of Gozag.
  6348 | D:5      | Reached * piety under Sif Muna
  6471 | D:5      | Found a glowing drain.
  6479 | Sewer    | Entered a sewer
  6606 | Sewer    | Noticed Purgy
  6626 | Sewer    | Killed Purgy
  6764 | D:5      | Noticed Grinder
  6774 | D:5      | Killed Grinder
  6775 | D:5      | Reached XP level 8. HP: 38/45 MP: 17/17
  6954 | D:5      | Reached skill level 1 in Invocations
  7357 | D:6      | Reached skill level 6 in Spellcasting
  7629 | D:6      | Found Dimaqok's General Store.
  7652 | D:6      | Noticed Blork the orc
  7683 | D:6      | Killed Blork the orc
  8213 | D:7      | Noticed a green ugly thing
  8451 | D:6      | Killed a green ugly thing
  8728 | D:6      | Reached XP level 9. HP: 48/49 MP: 21/21
  8771 | D:7      | Reached skill level 7 in Spellcasting
  8774 | D:7      | Reached ** piety under Sif Muna
  8970 | D:7      | HP: 1/49 [something/magic dart (3)]
  8970 | D:7      | Mangled by a killer bee

Illustrated notes

Levels and vault maps discovered:
D:1:      dpeg_arrival_tiny_j, layout_basic
D:2:      layout_loops_corners, minitemple, overflow_temple_1_default,
          serial_bayou_pond_c, uniq_sigmund, uniq_natasha, uniq_jessica
D:3:      minmay_angry_zag, layout_basic, chequers_serial_rivers_micro_c,
          minmay_distorted
D:4:      minmay_recursive_quarters, layout_gridville, temple_green
D:5:      kennysheep_six_static_rooms, layout_basic, grunt_gozag_breadcrumbs,
          gup_sewer_entry_bubbles, minmay_gold_behind_fungi, uniq_grinder
D:6:      layout_loops_cross, serial_shops, shop, uniq_blork_the_orc
D:7:      layout_cave_pools, serial_column_ruins, column_ruins_square_medium,
          column_ruins_hut_pillars, column_ruins_columns_straight,
          column_ruins_open_small, column_ruins_grid_1, column_ruins_open_large,
          column_ruins_corridor_straight, column_ruins_columns_plus,
          grunt_ministairs_13
Temple:   lightli_temple_of_artemis

Skill      XL: |  1  2  3  4  5  6  7  8  9 |
---------------+----------------------------+-----
Conjurations   | 2 3 5 6 |  6.0
Summonings     | 2 4 |  4.0
Hexes          | 1 2 3 4 |  4.1
Poison Magic   | 2 |  2.1
Air Magic      | 1 2 |  2.0
Spellcasting   | 5 6 7 |  7.6
Fire Magic     | 1 3 |  3.3
Fighting       | 2 |  2.4
Stealth        | 6 |  6.6
Invocations    | 2 |  2.1
Dodging        | 3 |  3.6
Translocations | |  1.1

Action                   |  1- 3 |  4- 6 |  7- 9 || total
-------------------------+-------+-------+-------++-------
Melee: Dagger            |    34 |       |       ||    34
       Short sword       |    12 |    51 |       ||    63
       War axe           |       |    18 |    70 ||    88
 Cast: Magic Dart        |    61 |    85 |    73 ||   219
       Call Imp          |    18 |    32 |    71 ||   121
       Slow              |     3 |    14 |    15 ||    32
       Blink             |       |       |     6 ||     6
       Mephitic Cloud    |       |       |     3 ||     3
       Conjure Flame     |       |       |     1 ||     1
  Use: Scroll            |     3 |     2 |     6 ||    11
       Potion            |       |       |     1 ||     1
 Stab: Sleeping          |     2 |     4 |     5 ||    11
       Distracted        |       |       |     1 ||     1
Armor: Robe              |     8 |    20 |       ||    28
       Leather armour    |       |     7 |    14 ||    21
       Troll leather arm |       |       |    41 ||    41
Dodge: Dodged            |    45 |    71 |   132 ||   248
